 Dungeon Crawl Stone Soup version 0.30.0-15-g856e2d3f33 (webtiles) character file.

Game seed: 4710373070930792993

2434 Descartes the Shield-Bearer (level 9, -4/65 (69) HPs)
             Began as a Formicid Fighter on May 18, 2023.
             Was an Initiate of Gozag.
             Slain by an orc knight
             ... wielding a +0 glaive
              (14 damage)
             ... in a bailey.
             The game lasted 00:11:25 (7208 turns).

Descartes the Shield-Bearer (Formicid Fighter)      Turns: 7208, Time: 00:11:25

HP:   -4/65 (69)    AC: 13    Str: 23    XL:     9   Next: 77%
MP:   15/15         EV:  6    Int: 18    God:    Gozag
Gold: 469           SH:  5    Dex: 13    Spells: 16/16 levels left

rFire   + . .        b - +7 whip "Laog" {speed, Int+6}
rCold   + . .        c - +0 buckler
rNeg    . . .        u - +0 plate armour "Sept" {rF+ rC+ Int+2}
rPois   .            (helmet unavailable)
rElec   .            (no cloak)
rCorr   .            (no gloves)
SInv    +            e - +0 pair of boots
Will    .....        (no amulet) Stlth
                     (no ring)
HPRegen 0.30/turn    (no ring)
MPRegen 0.14/turn

%: no passive effects
@: mighty, studying Long Blades, drained
A: permanent stasis, dig shafts and tunnels, antennae 3, four strong arms
a: Dig, Renounce Religion, Potion Petition, Call Merchant, Bribe Branch


You were in a bailey.
You worshipped Gozag.
Gozag was aware of your devotion.
You visited 2 branches of the dungeon, and saw 8 of its levels.
You also visited: Bailey.

You collected 559 gold pieces.
You paid 90 gold pieces to Gozag.

Inventory:

Hand Weapons
 a - a +0 war axe
 b - the +7 whip "Laog" (weapon) {speed, Int+6}
   (You found it on level 3 of the Dungeon)

   Int:       It affects your intelligence (+6).
 D - a +2 spear of pain
Missiles
 j - 6 datura-tipped darts (quivered)
 w - 2 boomerangs
 B - 4 poisoned darts
Armour
 c - a +0 buckler (worn)
 e - a +0 pair of boots (worn)
 u - the +0 plate armour "Sept" (worn) {rF+ rC+ Int+2}
   (You found it on level 3 of the Dungeon)

   Int:       It affects your intelligence (+2).
   rF:        It protects you from fire.
   rC:        It protects you from cold.
Wands
 d - a wand of flame (28)
 y - a wand of quicksilver (12)
Scrolls
 f - 2 scrolls of poison {unknown}
 h - 8 scrolls of identify {unknown}
 i - a scroll of blinking {unknown}
 k - 3 scrolls of teleportation {unknown}
 n - a scroll of noise {unknown}
 r - a scroll of immolation {unknown}
 s - 3 scrolls of magic mapping
 v - a scroll of vulnerability {unknown}
 x - a scroll of fog {unknown}
 A - a scroll of fear {unknown}
 C - a scroll of enchant armour {unknown}
Potions
 g - a potion of ambrosia
 l - 3 potions of cancellation {unknown}
 m - 2 potions of resistance {unknown}
 o - 2 potions of mutation {unknown}
 p - a potion of attraction {unknown}
 q - 2 potions of brilliance {unknown}
 t - 2 potions of curing
 z - a potion of degeneration {unknown}
 E - 3 potions of heal wounds {unknown}
 F - a potion of haste {unknown}
 G - a potion of invisibility {unknown}
 H - a potion of might


   Skills:
 + Level 6.0 Fighting
 + Level 4.7(5.4) Axes
 + Level 3.9(5.0) Maces & Flails
 + Level 5.8 Armour
 + Level 7.0 Shields
 + Level 4.1 Spellcasting
 + Level 3.9 Translocations
 + Level 4.5 Evocations


You had 16 spell levels left.
You didn't know any spells.
Your spell library contained the following spells:

 Spells                   Type           Power      Damage    Failure   Level
 Sandblast                Erth           6%         2d5       96%         1
 Volatile Blastmotes      Fire/Tloc      20%        2d11      98%         3
 Ensorcelled Hibernation  Hex/Ice        6%         N/A       99%         2
 Passwall                 Tmut/Erth      2%         N/A       99%         2
 Dazzling Flash           Conj/Hex       6%         N/A       100%        3
 Spider Form              Tmut/Pois      3%         N/A       100%        3
 Stone Arrow              Conj/Erth      6%         3d7       100%        3
 Anguish                  Hex/Necr       1%         N/A       100%        4
 Iskenderun's Mystic Bla  Conj/Tloc      10%        2d4       100%        4
 Starburst                Conj/Fire      1%         6d3       100%        6


Dungeon Overview and Level Annotations

Branches:
Dungeon (7/15)             Temple (1/1) D:6          Bailey (1/1)

Altars:
Ashenzari
Cheibriados
Dithmenos
Elyvilon
Fedhas
Gozag
Hepliaklqana
Kikubaaqudgha
Makhleb
Nemelex Xobeh
Okawaru
Qazlal
Ru
Sif Muna
Trog
Uskayaw
Vehumet
Wu Jian
Xom
Yredelemnul
Zin
The Shining One

Shops:
D:3 =![(   D:7 =


Innate Abilities, Weirdness & Mutations

You cannot be hasted, slowed, berserked, paralysed or teleported.
You can dig through walls and to a lower floor.
You have a pair of large antennae on your head. (SInv)
Your four strong arms can wield two-handed weapons with a shield.


Message History

You see here a +0 halberd.
You now have 469 gold pieces (gained 7).
Items here: ))) [.
There is an open door, spattered with blood here.
You see here a +0 war axe.
An orc knight is nearby!
There is an open door, spattered with blood here.
You see here a +0 war axe.
The orc knight completely misses you.
Items here: ))) [.
The orc knight hits you with a +0 glaive!
You see here a +0 halberd.
You closely miss the orc knight. The orc knight barely misses you.
You barely miss the orc knight.
You hit the orc knight but do no damage.
The orc knight hits you with a +0 glaive!!
You hit the orc knight.
The orc knight is lightly wounded.
The orc knight hits you with a +0 glaive.
You barely miss the orc knight.
The orc knight is lightly wounded.
You feel very mighty all of a sudden.
The orc knight hits you with a +0 glaive!
* * * LOW HITPOINT WARNING * * *
You whack the orc knight!
The orc knight is lightly wounded.
The orc knight hits you but does no damage.
You hit the orc knight.
The orc knight is lightly wounded.
You whack the orc knight!
The orc knight is moderately wounded.
You block the orc knight's attack.
Unknown command.
You hit the orc knight.
The orc knight is moderately wounded.
You miss the orc knight.
The orc knight is moderately wounded.
The orc knight hits you with a +0 glaive!
You die...
Your body crumbles into a pile of gold.

####### ############
#######.....## ##........∩.##
..{{.#.......######.....#......#
.o...'...##..#....#....###.....#
.....'....8.$$.o@)).....8..)..∩#
.....'...##..#...)#)...###)))).#
.....#.......######.....#...)..#
#######.....## ##......))∩.##
####### ############


You could see an orc knight.

Vanquished Creatures
  A wyvern (D:6)
  Edmund (Temple)
  A water moccasin (D:6)
  2 orc warriors
  A black bear (D:5)
  An ogre (D:4)
  A phantom (D:4)
  A bullfrog (D:7)
  A kobold brigand (D:6)
  A gnoll sergeant (D:6)
  3 scorpions
  3 wights (D:7)
  6 killer bees (D:6)
  3 hounds
  A jelly (D:5)
  2 orc priests
  A gnoll bouda (D:5)
  3 sleepcaps
  3 iguanas
  3 orc wizards
  Robin (D:3)
  14 gnolls
  8 adders
  A shadow imp (D:5)
  An ufetubus (D:6)
  5 worms
  2 dart slugs
  42 orcs
  4 ball pythons
  3 endoplasms (D:1)
  4 giant cockroaches
  16 goblins
  6 hobgoblins
  5 jackals
  2 quokkas
  7 bats
  4 frilled lizards
  8 kobolds
  6 rats
178 creatures vanquished.

Notes
Turn   | Place    | Note
-------+----------+-------------------------------------------
     0 | D:1      | Descartes the Formicid Fighter began the quest for the Orb.
     0 | D:1      | Reached XP level 1. HP: 18/18 MP: 1/1
   181 | D:1      | Reached XP level 2. HP: 24/24 MP: 2/2
   357 | D:1      | Found a faded altar of an unknown god.
   511 | D:1      | Reached XP level 3. HP: 29/29 MP: 2/4
   954 | D:2      | Reached skill level 1 in Translocations
   957 | D:2      | Reached skill level 1 in Evocations
  1212 | D:2      | Reached XP level 4. HP: 36/36 MP: 5/5
  1421 | D:2      | Reached skill level 1 in Spellcasting
  1710 | D:3      | Reached XP level 5. HP: 34/42 MP: 6/6
  1775 | D:3      | Found Gethy's Jewellery Emporium.
  1898 | D:3      | Noticed Robin
  1908 | D:3      | Killed Robin
  1951 | D:3      | Found Okhiett's Weapon Shoppe.
  1963 | D:3      | Identified the +7 whip "Laog" {speed, Int+6}
  2084 | D:3      | Found Ruxuad's Distillery.
  2212 | D:3      | Found Xoeluhew's Armour Shoppe.
  2256 | D:3      | Identified the +0 plate armour "Sept" {rF+ rC+ Int+2}
  2407 | D:4      | Reached XP level 6. HP: 48/48 MP: 8/8
  2777 | D:4      | Reached skill level 1 in Maces & Flails
  2922 | D:4      | Found a sparkling altar of Nemelex Xobeh.
  3031 | D:4      | Noticed an ogre
  3040 | D:4      | Killed an ogre
  3041 | D:4      | Reached skill level 5 in Shields
  3041 | D:4      | Reached XP level 7. HP: 11/55 MP: 10/10
  3492 | D:5      | Entered Level 5 of the Dungeon
  3909 | D:5      | Reached XP level 8. HP: 26/61 MP: 11/11
  4818 | D:6      | Reached skill level 5 in Fighting
  4883 | D:5      | Reached skill level 5 in Armour
  5281 | D:6      | Reached skill level 6 in Shields
  5394 | D:6      | Reached XP level 9. HP: 39/68 MP: 14/14
  5828 | D:6      | Found a snail-covered altar of Cheibriados.
  5917 | D:6      | Found a staircase to the Ecumenical Temple.
  5930 | D:6      | Noticed Edmund
  5934 | Temple   | Entered the Ecumenical Temple
  5950 | Temple   | Killed Edmund
  6100 | Temple   | Became a worshipper of Gozag Ym Sagoz the Greedy
  6188 | D:6      | Found a shimmering blue altar of Sif Muna.
  6189 | D:6      | Found a shimmering altar of Xom.
  6411 | D:6      | Found a burning altar of Makhleb.
  6411 | D:6      | Found a hazy altar of Hepliaklqana.
  6490 | D:7      | Found a flagged portal.
  6525 | D:7      | Found Vamyar's Jewellery Emporium.
  6529 | Bailey   | Entered a bailey
  6986 | Bailey   | Noticed an orc knight
  7047 | Bailey   | Reached skill level 7 in Shields
  7208 | Bailey   | Slain by an orc knight

Illustrated notes

Levels and vault maps discovered:
D:1:      lemuel_arrival_cross, layout_loops_ring,
          shapermc_ecumenical_altar_mp_urbaneastern, chequers_arboretum
D:2:      minmay_chambers_of_twos, layout_basic, minmay_misc_feat_more_columns,
          kennysheep_nondescript
D:3:      layout_loops_ring, serial_shops, nicolae_shop_pleasant_corner_grove,
          nicolae_shop_just_a_little_nook, nicolae_shop_bloodbath_and_beyond,
          shop, uniq_robin
D:4:      layout_loops_corners, nemelex_diamond_rough_becter,
          minmay_misc_feat_doors
D:5:      layout_layer_cave, mrwooster_statue_mirror
D:6:      layout_rooms, nicolae_overflow_hidden_temple,
          minmay_temple_entry_arrows, uniq_edmund
D:7:      layout_basic, serial_shops, shop, kennysheep_mini, enter_bailey_5
Temple:   nicolae_temple_x_marks_the_god
Bailey:   bailey_polearm_5, bailey

Skill      XL: |  1  2  3  4  5  6  7  8  9 |
---------------+----------------------------+-----
Translocations | 1 2 3 |  3.9
Evocations     | 1 2 3 4 |  4.5
Spellcasting   | 1 2 3 4 |  4.1
Fighting       | 4 5 6 |  6.0
Armour         | 4 5 |  5.8
Maces & Flails | 1 2 3 |  3.9
Axes           | 3 4 |  4.7
Shields        | 5 6 7 |  7.0

Action                     |  1- 3 |  4- 6 |  7- 9 || total
---------------------------+-------+-------+-------++-------
  Melee: War axe           |    84 |    74 |       ||   158
         Whip              |       |    96 |   378 ||   474
Ability: Dig               |       |       |     1 ||     1
    Use: Potion            |       |       |     6 ||     6
         Scroll            |       |       |     1 ||     1
 Armour: Scale mail        |    33 |     7 |       ||    40
         Chain mail        |       |    32 |       ||    32
         Plate armour      |       |    26 |   204 ||   230
  Dodge: Dodged            |    39 |    45 |   128 ||   212
  Block: Buckler           |    20 |    37 |   126 ||   183
